 Dungeon Crawl Stone Soup version 0.28.0-43-g3370ac3207 (webtiles) character file.

Game seed: 9972798152167247974

282 smarlow the Skirmisher (level 6, -2/62 HPs)
             Began as a Troll Fighter on Mar 11, 2022.
             Killed by divine providence
             ... invoked by an orc priest
              (14 damage)
             ... on level 3 of the Dungeon.
             The game lasted 00:02:01 (2218 turns).

smarlow the Skirmisher (Troll Fighter)              Turns: 2218, Time: 00:02:02

Health: -2/62      AC:  4    Str: 27    XL:     6   Next: 6%
Magic:  5/5        EV:  9    Int:  4    God:
Gold:   91         SH:  7    Dex:  9    Spells: 5/5 levels left

rFire   . . .      SeeInvis .     - Unarmed
rCold   . . .      Faith    .   b - +0 kite shield
rNeg    . . .      Spirit   .   a - +0 robe
rPois   .          Reflect  .   (helmet restricted)
rElec   .          Harm     .   (no cloak)
rCorr   .          Rampage  .   (gloves unavailable)
Will    .....                   (boots unavailable)
Stlth   +.........              (no amulet)
HPRegen 1.00/turn               (no ring)
MPRegen 0.09/turn               (no ring)

@: no status effects
A: large, unfitting armour, claws 3, regeneration 1, shaggy fur 1, tough skin 1
a: no special abilities


You were on level 3 of the Dungeon.
You visited 1 branch of the dungeon, and saw 3 of its levels.

You collected 91 gold pieces.

Inventory:

Armour
 a - a +0 robe (worn)
 b - a +0 kite shield (worn)
Jewellery
 j - an amulet of magic regeneration
Wands
 l - a wand of paralysis (10)
Scrolls
 f - 4 scrolls of teleportation {unknown}
 g - a scroll of immolation {unknown}
 k - a scroll of fear {unknown}
Potions
 c - 2 potions of might
 d - 2 potions of mutation {unknown}
 e - 2 potions of attraction {unknown}
 h - a potion of degeneration {unknown}
 i - 3 potions of curing {unknown}


   Skills:
 * Level 4.0 Fighting
 + Level 3.3 Dodging
 + Level 3.2 Shields
 + Level 3.3 Unarmed Combat


You had 5 spell levels left.
You didn't know any spells.
Your spell library was empty.

Dungeon Overview and Level Annotations

Branches:
Dungeon (3/15)

Altars:


Innate Abilities, Weirdness & Mutations

You are too large for most types of armour.
You have claws for hands.
Your natural rate of healing is unusually fast.
You are covered in fur. (AC +1)
You have tough skin. (AC +1)


Message History

The orc is moderately wounded.
The orc closely misses you.
You closely miss the orc.
The orc is moderately wounded.
The orc hits you but does no damage.
You scratch the orc.
You kill the orc!
You claw the rat!
You kill the rat!
You claw the orc priest!
The orc priest is almost dead.
The orc priest looks braver for a moment.
You claw the orc priest!
You kill the orc priest!
You claw the orc priest!
The orc priest is almost dead.
The orc priest mumbles some strange prayers to Beogh against you.
Beogh smites you!
An orc priest comes into view. It is wielding a +0 war axe.
The orc priest shouts!
You claw the orc priest!
You kill the orc priest!
Your Fighting skill increases to level 4!
You have reached level 6!
You feel stronger.
Items here: ))) ††.
The orc priest hits you with a +0 war axe!
* * * LOW HITPOINT WARNING * * *
You scratch the orc priest but do no damage.
The orc priest hits you with a +0 war axe.
* * * LOW HITPOINT WARNING * * *
You claw the orc priest!
The orc priest is severely wounded.
The orc priest hits you with a +0 war axe!
* * * LOW HITPOINT WARNING * * *
You barely miss the orc priest.
The orc priest is severely wounded.
The orc priest invokes the aid of Beogh against you.
Beogh smites you!
You die...

#.#.....##....####
.....#.##........##### #
#...)..........#... #.
#...##)........#+##
##.#+#...............†..
##.......###.............
.........##########......
.........)........[......
........@#########...#+##
##......o# #...
.........# #...
########.## #...
#........# #...
#.####...# #...# #.#.#
#.#..


You could see an orc priest.

Vanquished Creatures
  3 orc priests (D:3)
  Natasha (thrice) (D:2)
  An iguana (D:3)
  An orc wizard (D:3)
  3 adders
  2 dart slugs
  2 orcs (D:3)
  4 ball pythons
  4 endoplasms
  2 giant cockroaches (D:3)
  2 goblins
  4 hobgoblins
  A quokka (D:1)
  4 bats
  A frilled lizard (D:2)
  2 kobolds
  6 rats
45 creatures vanquished.

Notes
Turn   | Place    | Note
-------+----------+-------------------------------------------
     0 | D:1      | smarlow the Troll Fighter began the quest for the Orb.
     0 | D:1      | Reached XP level 1. HP: 22/22 MP: 0/0
   355 | D:1      | Reached XP level 2. HP: 29/29 MP: 1/1
   538 | D:1      | Found a faded altar of an unknown god.
  1208 | D:2      | Reached XP level 3. HP: 33/36 MP: 2/2
  1453 | D:2      | Noticed Natasha
  1460 | D:2      | Killed Natasha
  1461 | D:2      | Reached skill level 3 in Fighting
  1534 | D:2      | Noticed Natasha
  1539 | D:2      | Killed Natasha
  1540 | D:2      | Reached XP level 4. HP: 45/45 MP: 3/3
  1577 | D:2      | Noticed Natasha
  1588 | D:2      | Killed Natasha
  1922 | D:3      | Reached XP level 5. HP: 52/53 MP: 4/4
  2214 | D:3      | Reached skill level 4 in Fighting
  2214 | D:3      | Reached XP level 6. HP: 23/62 MP: 5/5
  2218 | D:3      | Killed from afar by an orc priest

Illustrated notes

Levels and vault maps discovered:
D:1:      nzn_arrival_water_spiral, layout_basic,
          hellmonk_ecumenical_altar_heavens_door
D:2:      layout_basic, uniq_natasha
D:3:      layout_basic

Skill      XL: |  1  2  3  4  5 |
---------------+----------------+-----
Fighting       | 3 4 |  4.0
Dodging        | 3 |  3.3
Shields        | 3 |  3.2
Unarmed Combat | 3 |  3.3

Action                   |  1- 3 |  4- 6 || total
-------------------------+-------+-------++-------
Melee: Unarmed           |    77 |    89 ||   166
 Stab: Sleeping          |     1 |       ||     1
       Distracted        |     1 |       ||     1
Armor: Robe              |    27 |    24 ||    51
Dodge: Dodged            |    23 |    24 ||    47
Block: Kite shield       |    20 |    24 ||    44
